 Dungeon Crawl Stone Soup version 0.22.1-2-g9c5b331 (webtiles) character file.

2 MalarOregon the Insei (level 1, 0/15 HPs)
             Began as a Merfolk Transmuter on Nov 21, 2018.
             Slain by a goblin
             ... wielding a +0 club
              (4 damage)
             ... on level 1 of the Dungeon.
             The game lasted 00:00:19 (42 turns).

MalarOregon the Insei (Merfolk Transmuter)            Turns: 42, Time: 00:00:20

Health: 0/15       AC:  2    Str: 10    XL:     1   Next: 40%
Magic:  2/3        EV: 13    Int: 12    God:
Gold:   0          SH:  0    Dex: 14    Spells: 3/4 levels left

rFire    . . .     SeeInvis .     - Unarmed
rCold    . . .     Gourm    .   (no shield)
rNeg     . . .     Faith    .   b - +0 robe
rPois    .         Spirit   .   (no helmet)
rElec    .         Reflect  .   (no cloak)
rCorr    .         Harm     .   (no gloves)
MR       .....                  (no boots)
Stlth    +.........             (no amulet)
HPRegen  0.05/turn              (no ring)
MPRegen  0.08/turn              (no ring)

@: appendage (expiring)
A: change form in water, swift swim, stealthy swim, horns 2
a: End Transformation


You were on level 1 of the Dungeon.
You were not hungry.
You had grown temporary horns.
You visited 1 branch of the dungeon, and saw 1 of its levels.

Inventory:

Missiles
 a - 12 arrows
Armour
 b - a +0 robe (worn)
Potions
 c - a potion of agility {unknown}
Comestibles
 e - 2 rations {!d}


   Skills:
 + Level 1.2 Fighting
 + Level 2.7 Dodging
 + Level 3.3 Unarmed Combat
 + Level 2.0 Spellcasting
 + Level 2.7 Transmutations


You had 3 spell levels left.
You knew the following spells:

 Your Spells              Type           Power        Failure   Level  Hunger
a - Beastly Appendage     Tmut           #.....       9%          1    ##.....

Your spell library contained the following spells:

 Spells                   Type           Power        Failure   Level  Hunger
 Sticks to Snakes         Tmut           #.......     13%         2    ###....
 Spider Form              Tmut/Pois      #.........   43%         3    ####...
 Ice Form                 Ice/Tmut       #.......     83%         4    #####..
 Blade Hands              Tmut           #.........   94%         5    ######.


Dungeon Overview and Level Annotations

Branches:
Dungeon (1/15)

Altars:


Innate Abilities, Weirdness & Mutations

You revert to your normal form in water.
You are very nimble and swift while swimming.
You are very stealthy in the water. (Stealth+)
You have a pair of horns on your head.


Message History

A rat comes into view.
You grow a pair of large bovine horns.
The rat bites you.
You closely miss the rat. Your headbutt misses the rat.
The rat closely misses you.
You hit the rat.
You kill the rat!
No target in view!
Your transformation is almost over.
c - a viscous emerald potion A goblin comes into view.
It is wielding a club.
A goblin is nearby!
A goblin is nearby!
Unknown command.
Found a pair of gloves.
Your horns disappear.
The goblin shouts!
You hear a shout!
You grow a pair of large bovine horns.
A hobgoblin comes into view. It is wielding a club.
You barely miss the goblin. The goblin hits you with a club.
You closely miss the goblin. Your headbutt misses the goblin.
The goblin hits you with a club.
You hit the goblin but do no damage. The hobgoblin hits you with a club!
Ouch! That really hurt!
* * * LOW HITPOINT WARNING * * *
The goblin closely misses you. The hobgoblin barely misses you.
A bat comes into view.
The bat closely misses you.
Your transformation is almost over.
The bat closely misses you. The bat barely misses you. The bat misses you.
The bat hits you but does no damage. The bat closely misses you.
The bat misses you. The bat hits you but does no damage. The bat misses you.
You hit the bat. The bat misses you.
You miss the bat. The bat barely misses you.
You completely miss the bat. You headbutt the bat.
You kill the bat!
You hit the hobgoblin but do no damage. Your headbutt misses the hobgoblin.
The hobgoblin misses you.
You hit the hobgoblin. You headbutt the hobgoblin.
You kill the hobgoblin!
Your horns disappear.
You closely miss the goblin. The goblin hits you but does no damage.
You grow a pair of large bovine horns.
Your transformation is almost over.
The goblin hits you with a club.
You die...

... .... # ####..# ##.
..[##.## #..#####.....#
..#.....#..#.##
.#.......#....#
#....<....#...########.#
.#.......#.....g@.......
..#.....#....#####.#####
...#####......# #### ...
.........## .. ..
.......#...## .. .
###...?.....# . .
#.###..#..# .#
#.#....##.##.### #
#....##......#


You could see a goblin.

Vanquished Creatures
  A hobgoblin (D:1)
  A bat (D:1)
  A rat (D:1)
3 creatures vanquished.

Notes
Turn   | Place    | Note
-------+----------+-------------------------------------------
     0 | D:1      | MalarOregon the Merfolk Transmuter began the quest for the
                  | Orb.
     0 | D:1      | Reached XP level 1. HP: 15/15 MP: 3/3
    42 | D:1      | Slain by a goblin

Action                   || total
-------------------------++-------
Melee: Unarmed           ||    11
       Headbutt          ||     2
 Cast: Beastly Appendage ||     3
Armor: Robe              ||     2
Dodge: Dodged            ||    13
